 Dungeon Crawl Stone Soup version 0.26-a0-661-g406de6ba63 (webtiles) character file.

Game seed: 9352709630135677005

713 Peloso the Slasher (level 7, -2/60 HPs)
             Began as a Minotaur Fighter on Oct 9, 2020.
             Slain by a gnoll
             ... wielding a +0 spear
              (4 damage)
             ... on level 4 of the Dungeon.
             The game lasted 00:06:15 (3671 turns).

Peloso the Slasher (Minotaur Fighter)               Turns: 3671, Time: 00:06:16

Health: -2/60      AC:  8    Str: 21    XL:     7   Next: 41%
Magic:  6/6        EV:  9    Int:  5    God:
Gold:   218        SH: 10    Dex: 11    Spells: 6/6 levels left

rFire    . . .     SeeInvis .   a - +0 long sword
rCold    . . .     Faith    .   c - +0 kite shield
rNeg     . . .     Spirit   .   b - +0 scale mail
rPois    +         Reflect  .   (helmet restricted)
rElec    .         Harm     .   (no cloak)
rCorr    .         Rampage  .   (no gloves)
MR       .....                  j - +0 pair of boots
Stlth    ..........             (no amulet)
HPRegen  0.20/turn              g - ring of poison resistance
MPRegen  0.10/turn              (no ring)

@: glowing
A: retaliatory headbutt, horns 2
a: no special abilities


You were on level 4 of the Dungeon.
You visited 1 branch of the dungeon, and saw 4 of its levels.

You collected 218 gold pieces.

Inventory:

Hand Weapons
 a - a +0 long sword (weapon)
Armour
 b - a +0 scale mail (worn)
 c - a +0 kite shield (worn)
 j - a +0 pair of boots (worn)
Jewellery
 g - a ring of poison resistance (left hand)
 l - an uncursed ring of protection from cold
Scrolls
 e - 4 scrolls of magic mapping {unknown}
 i - a scroll of fear {unknown}
 k - 3 scrolls of identify {unknown}
 m - 2 scrolls of teleportation {unknown}
 o - a scroll of random uselessness {unknown}
 r - a scroll of remove curse {unknown}
Potions
 d - a potion of might
 f - 2 potions of heal wounds {unknown}
 h - 2 potions of stabbing
 n - a potion of flight
 p - a potion of invisibility {unknown}
 q - a potion of curing
 s - a potion of berserk rage {unknown}


   Skills:
 + Level 4.8 Fighting
 + Level 6.1 Long Blades
 + Level 5.8 Armour
 + Level 2.6 Dodging
 + Level 5.9 Shields


You had 6 spell levels left.
You didn't know any spells.
Your spell library contained the following spells:

 Spells                   Type           Power        Failure   Level
 Animate Skeleton         Necr           #.....       99%         1
 Pain                     Necr           #...         99%         1
 Vampiric Draining        Necr           #.........   100%        3
 Animate Dead             Necr           #.........   100%        4
 Agony                    Necr           #.......     100%        5


Dungeon Overview and Level Annotations

Branches:
Dungeon (4/15)
 Temple: D:4-7

Altars:
Vehumet


Innate Abilities, Weirdness & Mutations

You reflexively headbutt those who attack you in melee.
You have a pair of horns on your head.


Message History

* * * LOW HITPOINT WARNING * * *
You block the gnoll's attack.
The gnoll shaman hits you with a +0 club.
* * * LOW HITPOINT WARNING * * *
You barely miss the gnoll shaman.
The gnoll shaman is heavily wounded.
The gnoll hits you but does no damage. The gnoll closely misses you.
You furiously retaliate!
You headbutt the gnoll! The gnoll shaman completely misses you.
Unknown command.
You closely miss the gnoll shaman. You headbutt the gnoll shaman.
The gnoll shaman is heavily wounded.
The gnoll hits you from afar with a +0 spear.
* * * LOW HITPOINT WARNING * * *
The gnoll barely misses you.
The gnoll shaman calls upon its god to heal the gnoll.
The gnoll is healed somewhat.
The gnoll hits you.
* * * LOW HITPOINT WARNING * * *
The gnoll hits you from afar with a +0 spear.
You die...

## #.#.###!.###....###.#..#
...##.>........#####.#..#..#
#........#....... ##.......
#....#....... #####...
#.#.†......##.# #... ..
##....#..... #... #.
#......###.# #... #
######)g......# #...
....(ggg@..###.# #...
.....#####.# #.#######...
.... #.###........... .!.
#.##............ ..
#.#.#........... .
#..###.######...
.......#.#.## #...
#########.## ###... #.#
#.....


You could see a gnoll shaman and 3 gnolls.

Vanquished Creatures
  An ogre (D:4)
  2 phantoms
  A scorpion (D:4)
  An orc wizard (D:4)
  An orc priest (D:4)
  Jessica (D:2)
  2 iguanas (D:4)
  4 worker ants (D:4)
  2 gnolls (D:4)
  7 adders
  An adder skeleton (D:4)
  2 worms
  2 dart slugs
  3 leopard geckos
  5 orcs (D:4)
  4 giant cockroaches
  7 goblins
  11 hobgoblins
  4 jackals (D:3)
  A quokka (D:4)
  A ball python (D:2)
  3 bats
  6 frilled lizards
  7 kobolds
  11 rats
90 creatures vanquished.

Notes
Turn   | Place    | Note
-------+----------+-------------------------------------------
     0 | D:1      | Peloso the Minotaur Fighter began the quest for the Orb.
     0 | D:1      | Reached XP level 1. HP: 19/19 MP: 0/0
   238 | D:1      | Reached XP level 2. HP: 25/27 MP: 1/1
   595 | D:1      | Reached skill level 3 in Long Blades
   777 | D:1      | Reached XP level 3. HP: 33/33 MP: 2/2
  1376 | D:2      | Reached skill level 1 in Dodging
  1376 | D:2      | Reached XP level 4. HP: 36/40 MP: 3/3
  1440 | D:2      | Noticed a phantom
  1441 | D:2      | Noticed Jessica
  1449 | D:2      | Killed Jessica
  1497 | D:2      | Killed a phantom
  1497 | D:2      | Reached skill level 4 in Long Blades
  1497 | D:2      | Reached skill level 5 in Shields
  1497 | D:2      | Reached XP level 5. HP: 7/46 MP: 4/4
  2311 | D:3      | Found a radiant altar of Vehumet.
  2816 | D:4      | Reached XP level 6. HP: 53/53 MP: 5/5
  3061 | D:4      | Reached skill level 5 in Long Blades
  3228 | D:4      | Reached skill level 5 in Armour
  3419 | D:4      | Reached XP level 7. HP: 55/60 MP: 6/6
  3610 | D:4      | Reached skill level 6 in Long Blades
  3671 | D:4      | HP: 2/60 [gnoll (2)]
  3671 | D:4      | Slain by a gnoll

Illustrated notes

Levels and vault maps discovered:
D:1:      eino_arrival_cavern_b, layout_loops_ring, st_stairs_11
D:2:      layout_basic, uniq_jessica
D:3:      layout_basic, vehumet_crystals
D:4:      layout_loops_cross, grunt_temple_overflow_gold_and_silver,
          minmay_misc_feat_iff

Skill      XL: |  1  2  3  4  5  6  7 |
---------------+----------------------+-----
Shields        | 4 5 |  5.9
Long Blades    | 3 4 5 6 |  6.1
Fighting       | 4 |  4.8
Armour         | 4 5 |  5.8
Dodging        | 1 2 |  2.6

Action                   |  1- 3 |  4- 6 |  7- 9 || total
-------------------------+-------+-------+-------++-------
Melee: Long sword        |    95 |   138 |    30 ||   263
       Headbutt          |     5 |    28 |     7 ||    40
  Use: Potion            |     3 |     1 |       ||     4
Armor: Scale mail        |    42 |    52 |    13 ||   107
Dodge: Dodged            |    26 |    41 |    15 ||    82
Block: Kite shield       |    60 |    82 |    26 ||   168
       Rpst.: Long sword |     6 |    16 |     2 ||    24

Table legend: (Time is in decaauts)
 A = Elapsed time spent in this place.
 B = Non-inter-level travel time spent in this place.
 C = Inter-level travel time spent in this place.
 D = Time resting spent in this place.
 E = Time spent auto-exploring this place.
 F = Levels seen in this place.
 G = Mean time per level.
                   A        B        C        D        E       F      G
               +--------+--------+--------+--------+--------+-----+--------+
         Total |   3740 |   3668 |     72 |    255 |   2646 |   4 |  935.0 |
       Dungeon |   3740 |   3668 |     72 |    255 |   2646 |   4 |  935.0 |
               +--------+--------+--------+--------+--------+-----+--------+

Top non-repeatable levels by time:
     D:2: 1349 daAuts
     D:1: 948 daAuts
     D:4: 878 daAuts
     D:3: 565 daAuts
